Map: Acid Plant LE

Players

skiparin - Winner!

  • Race: Terran Terran
  • League: Platinum
  • Spawn Location: 11:00

BIRIBA

  • Race: Zerg Zerg
  • League: Gold
  • Spawn Location: 5:00

VOD

Have the link to the VOD?

Description

Time

  • Played on: Oct. 20, 2018, 3:05 p.m.
  • Length: 22:59
Show
View Real Time Build Order
Export as new Build Order

skiparin Terran - Winner!

Build Orders: Mech 

Get SALT Encoding   

  12  0:01  SCV  
  13  0:13  SCV  
  14  0:19  Supply Depot  
  14  0:25  SCV  
  15  0:40  SCV  
  16  0:43  Barracks  
  16  0:53  SCV  
  17  1:04  Supply Depot  
  17  1:05  SCV  
  18  1:17  SCV  
  19  1:29  SCV  
  20  1:33  Command Center  
  20  1:41  SCV  
  20  1:42  Bunker  
  21  1:48  Marine  
  21  1:53  SCV  
  23  2:05  Orbital Command, Marine  
  24  2:23  Marine  
  25  2:32  SCV  
  26  2:37  Refinery  
  26  2:38  Refinery  
  26  2:42  Marine  
  27  2:47  Refinery  
  27  2:49  Refinery  
  27  3:01  Marine  
  27  3:04  Orbital Command  
  28  3:10  Command Center  
  28  3:11  SCV  
  29  3:22  Marine  
  29  3:23  SCV  
  31  3:43  Supply Depot  
  31  3:54  SCV  
  31  4:06  SCV x2  
  33  4:14  Factory  
  33  4:17  Factory  
  33  4:18  SCV x2  
  35  4:26  Barracks  
  35  4:32  SCV x2  
  37  4:44  SCV x2  
  39  4:46  Marine  
  40  4:56  SCV x2  
  42  5:02  Supply Depot  
  42  5:09  Orbital Command  
  42  5:11  SCV x2  
  42  5:13  Factory Reactor, Factory Tech Lab  
  44  5:16  Starport  
  44  5:23  SCV x2  
  44  5:24  Supply Depot  
  46  5:33  Siege Tank  
  49  5:38  SCV x3  
  52  5:50  Cyclone x2, SCV x3  
  52  5:56  Starport Reactor  
  61  6:03  Supply Depot  
  61  6:07  SCV x3  
  64  6:11  Siege Tank  
  67  6:19  SCV x3  
  70  6:33  SCV x2  
  70  6:34  Supply Depot, SCV  
  70  6:35  Supply Depot x3  
  70  6:39  Viking  
  75  6:45  SCV  
  75  6:46  SCV x2  
  78  6:58  SCV x3  
  81  7:05  Siege Tank  
  81  7:07  Cyclone x2  
  90  7:10  SCV x3  
  93  7:30  SCV x3  
  93  7:34  Factory  
  93  7:36  Factory  
  96  7:42  Siege Tank, SCV x3  
  102  7:45  Cyclone  
  102  7:48  Hellion  
  107  7:55  Infernal Pre-Igniter  
  107  8:09  Hellion  
  109  8:15  Hellion  
  109  8:18  Hellion  
  109  8:19  Starport Reactor  
  113  8:21  Factory Reactor, Factory Tech Lab  
  113  8:30  Supply Depot  
  113  8:33  Supply Depot  
  113  8:36  Siege Tank  
  116  8:47  Hellion  
  117  8:51  Cyclone  
  117  8:53  Cyclone  
  117  8:54  Supply Depot  
  123  8:57  Engineering Bay  
  123  9:01  Marine x2  
  125  9:08  Hellion  
  127  9:19  Marine x2  
  129  9:25  Cyclone x2  
  129  9:26  Cyclone  
  129  9:27  Hellion  
  140  9:58  Hellion x4  
  140  9:59  Supply Depot, Hellion x2  
  152  10:20  Hellion x3  
  158  10:22  Supply Depot  
  158  10:26  Orbital Command  
  158  10:44  Refinery, Supply Depot  
  158  10:49  Refinery  
  158  10:54  Missile Turret  
  158  10:59  Missile Turret  
  158  11:01  Command Center  
  158  11:02  Missile Turret x2  
  158  11:04  Command Center  
  158  11:05  Refinery  
  158  11:08  Refinery  
  158  11:20  Siege Tank, Cyclone  
  158  11:21  Siege Tank, Cyclone x2, Hellion  
  175  11:32  Command Center  
  175  11:40  Missile Turret  
  175  11:42  Cyclone  
  175  11:43  Missile Turret x2  
  178  11:52  Siege Tank  
  178  11:53  Siege Tank, Hellion  
  186  12:01  Armory  
  186  12:02  Armory  
  186  12:18  Planetary Fortress  
  186  12:19  Planetary Fortress  
  186  12:28  Siege Tank, Cyclone  
  186  12:29  Siege Tank, Cyclone, Hellion  
  200  12:51  Planetary Fortress  
  200  12:57  Missile Turret  
  200  13:00  Command Center  
  200  13:02  Command Center  
  200  13:06  Missile Turret  
  200  13:18  Missile Turret  
  200  13:29  Missile Turret  
  200  13:38  Missile Turret  
  200  13:49  Missile Turret  
  200  14:01  Missile Turret  
  200  14:10  Missile Turret  
  191  14:17  Missile Turret  
  191  14:22  Missile Turret, Viking x2  
  194  14:36  Terran Vehicle And Ship Armor Level 1, Terran Vehicle Weapons Level 1  
  194  14:45  Missile Turret  
  194  14:48  Planetary Fortress x2  
  194  14:52  Viking x2  
  171  15:28  Viking x2  
  173  15:34  Siege Tank x2  
  173  15:35  Cyclone x2  
  185  15:37  Hellion x2  
  179  15:58  Hellion, Viking x2  
  179  16:02  Cyclone  
  184  16:06  Siege Tank x2  
  184  16:07  Cyclone x2  
  159  16:19  Cyclone  
  162  16:34  Cyclone  
  162  16:38  Siege Tank x2  
  171  17:00  Command Center  
  171  17:03  Cyclone x3  
  171  17:06  Cyclone  
  183  17:10  Siege Tank x2  
  189  17:25  Factory x2  
  181  17:33  Factory  
  181  17:35  Cyclone  
  156  17:41  Factory  
  156  17:42  Siege Tank x2  
  156  17:48  Cyclone x2  
  162  18:14  Siege Tank x2  
  168  18:24  Factory Tech Lab  
  168  18:25  Factory Reactor x2, Command Center, Factory Tech Lab  
  168  18:26  Command Center  
  168  18:37  Terran Vehicle Weapons Level 2, Terran Vehicle And Ship Armor Level 2  
  168  18:46  Siege Tank x2  
  174  18:59  Factory  
  174  19:02  Factory  
  174  19:10  Starport, Factory  
  174  19:13  Starport  
  174  19:14  Starport  
  174  19:18  Siege Tank  
  177  19:39  Siege Tank, Cyclone  
  177  19:40  Siege Tank x2, Cyclone  
  177  19:41  Cyclone, Hellion x2  
  199  19:50  Siege Tank  
  173  20:12  Siege Tank x2  
  165  20:36  Planetary Fortress  
  165  20:41  Siege Tank x2, Cyclone x3, Hellion  
  165  20:42  Cyclone x2, Hellion x2  
  189  20:44  Siege Tank x2  
  195  21:03  Cyclone, Hellion  
  200  21:17  Command Center  
  200  21:20  Command Center  
  200  21:44  Planetary Fortress x2  
  196  22:30  Refinery  
Show
View Real Time Build Order
Export as new Build Order

BIRIBA Zerg 

Build Orders: Pool First 

Get SALT Encoding   

  12  0:01  Drone  
  13  0:22  Spawning Pool  
  13  0:26  Drone  
  13  0:32  Extractor  
  12  0:36  Drone  
  13  0:48  Drone  
  14  0:53  Overlord  
  14  1:12  Queen  
  14  1:14  Drone x2  
  18  1:25  Zergling x2  
  19  1:30  Zergling x2  
  20  1:36  Metabolic Boost  
  20  1:39  Zergling x2  
  21  1:52  Zergling x2  
  22  2:01  Overlord  
  22  2:06  Baneling Nest  
  21  2:08  Drone  
  22  2:22  Zergling x8  
  26  2:34  Overlord  
  26  2:53  Zergling x8  
  30  3:01  Baneling x4  
  30  3:04  Overlord  
  19  3:48  Zergling x10  
  23  4:18  Hatchery  
  22  4:24  Drone x2  
  22  4:25  Drone  
  25  4:32  Hatchery  
  24  4:57  Drone x2  
  26  5:00  Overlord  
  26  5:06  Baneling x5  
  26  5:19  Lair  
  26  5:32  Drone x6  
  26  5:34  Queen  
  34  5:48  Queen  
  36  5:55  Zergling x4  
  36  5:56  Zergling x4  
  40  6:05  Zergling x8  
  44  6:32  Spire  
  43  6:41  Extractor  
  43  6:44  Drone x8  
  43  6:45  Drone x4  
  54  7:12  Extractor  
  53  7:16  Drone x7  
  53  7:17  Drone x4  
  64  7:23  Spore Crawler  
  64  7:26  Spore Crawler  
  62  7:35  Spore Crawler  
  61  7:37  Spore Crawler  
  61  7:41  Overlord x3  
  61  7:42  Overlord  
  60  7:48  Zerg Flyer Weapons Level 1  
  60  8:14  Mutalisk x4  
  60  8:15  Mutalisk  
  70  8:25  Extractor  
  69  8:27  Drone x4  
  69  8:28  Drone x3  
  76  8:56  Mutalisk  
  76  8:57  Mutalisk x2  
  82  9:07  Extractor  
  81  9:18  Drone x2  
  81  9:19  Extractor, Drone x5  
  81  9:20  Overlord x4  
  83  10:22  Hatchery  
  83  10:23  Hydralisk Den  
  83  10:26  Hatchery, Queen  
  83  10:27  Queen  
  84  10:28  Queen  
  86  10:43  Drone  
  86  10:44  Drone x8  
  86  10:46  Overlord x4  
  86  10:47  Overlord  
  95  10:58  Muscular Augments, Hydralisk  
  95  10:59  Hydralisk x12  
  121  11:34  Queen  
  121  11:39  Queen  
  125  11:42  Drone x5  
  125  11:43  Drone x3  
  125  11:44  Drone x3  
  136  12:08  Infestation Pit  
  136  12:09  Grooved Spines  
  136  12:13  Extractor  
  136  12:14  Extractor  
  133  12:19  Drone x7  
  133  12:20  Overlord x4, Drone  
  133  12:21  Overlord  
  141  12:38  Extractor  
  141  12:41  Extractor  
  141  12:43  Hydralisk x12  
  141  12:44  Hydralisk x3  
  169  12:53  Overseer  
  169  12:55  Overseer  
  169  12:57  Overseer  
  169  13:00  Overlord x2  
  169  13:09  Overseer  
  169  13:12  Spore Crawler  
  168  13:21  Drone x4  
  168  13:22  Drone x2  
  168  13:23  Hydralisk  
  168  13:24  Hydralisk x10  
  196  13:36  Evolution Chamber  
  196  13:39  Evolution Chamber  
  194  13:55  Hive  
  194  13:57  Zerg Flyer Weapons Level 2  
  183  14:57  Zerg Ground Armor Level 1  
  183  14:59  Zerg Missile Weapons Level 1  
  183  15:05  Overseer  
  180  15:08  Hatchery  
  171  15:18  Hydralisk  
  171  15:19  Hydralisk x18  
  199  15:34  Lurker Den  
  198  15:52  Viper x2  
  170  16:09  Hydralisk x2  
  170  16:10  Hydralisk x7  
  170  16:11  Hydralisk x16  
  167  16:13  Zerg Flyer Armor Level 1  
  197  16:55  Zerg Ground Armor Level 2  
  197  16:57  Zerg Missile Weapons Level 2  
  197  17:01  Adaptive Talons  
  197  17:06  Lurker x3  
  83  17:46  Hydralisk x5  
  83  17:47  Hydralisk x28  
  83  17:48  Hydralisk x4  
  157  17:55  Queen  
  159  18:07  Zerg Flyer Weapons Level 3  
  159  18:10  Viper x2  
  159  18:11  Viper  
  168  18:32  Hydralisk x10  
  188  18:36  Overlord x3  
  188  19:10  Zergling x4  
  188  19:11  Zergling x8  
  188  19:13  Hydralisk  
  188  19:14  Hydralisk x2  
  200  19:30  Zerg Ground Armor Level 3  
  200  19:31  Zerg Missile Weapons Level 3  
  91  20:23  Hydralisk x2  
  91  20:24  Hydralisk x28  
  91  20:25  Hydralisk  
  137  21:05  Hydralisk x10  
  157  21:28  Hydralisk  
  157  21:29  Hydralisk x5  
  167  21:50  Lurker x3  
  167  21:51  Lurker x8  
  167  21:52  Lurker  
  179  22:11  Viper x4  
Tags
 
Composition
Mech
Matchup
TvZ
Opening
Pool First
Spawn Locations
Cross Positions
Add a new tag
Caveats
  • Supply blocks, unpowered buildings, or Contaminate may cause inaccurate times.
  • Supply counts are checked every 10 seconds.